 Dungeon Crawl Stone Soup version 0.19-a0-1672-g679cadd (webtiles) character file.

690 4thArraOfDagon the Ruffian (level 7, -20/72 HPs)
             Began as a Troll Monk on Sept 22, 2016.
             Was a Priest of Elyvilon.
             Killed from afar by a steam dragon (29 damage)
             ... with a ball of steam
             ... on level 10 of the Dungeon.
             The game lasted 00:08:01 (1523 turns).

4thArraOfDagon the Ruffian (Troll Monk)             Turns: 1523, Time: 00:08:03

Health: -20/72     AC:  0    Str: 23    XL:     7   Next: 36%
Magic:  0/7        EV: 11    Int:  8    God:    Elyvilon [***...]
Gold:   142        SH:  0    Dex: 16    Spells: 0 memorised, 6 levels left

rFire  . . .     SeeInvis .       - Unarmed
rCold  . . .     Gourm    +     a - +1 robe
rNeg   . . .     Faith    .     (no shield)
rPois  +         Spirit   .     (helmet restricted)
rElec  .         Dismiss  .     (no cloak)
rCorr  .         Reflect  .     (gloves unavailable)
MR     .....     Harm     .     (boots unavailable)
Stlth  ++........               (no amulet)
                                f - ring of poison resistance
                                n - -6 ring of protection (curse)

@: mighty, very slightly contaminated, hasted, very quick
A: unfitting armour, claws 3, horns 1, thin skeletal structure 1, agile 1, fast
metabolism 3, gourmand, low mp 1, regeneration 1, robust 1, screaming 1, shaggy
fur 1, tough skin 2, weak 1, wild magic 2, MP-powered wands
a: Lesser Healing, Heal Other, Purification, Divine Protection, Renounce
Religion


You were on level 10 of the Dungeon.
You worshipped Elyvilon.
Elyvilon was most pleased with you.
You were full.

You visited 1 branch of the dungeon, and saw 8 of its levels.

You collected 142 gold pieces.

Inventory:

Armour
 a - a +1 robe (worn)
Jewellery
 d - an uncursed ring of wizardry
 f - a ring of poison resistance (right claw)
 n - a cursed -6 ring of protection (left claw)
Scrolls
 e - a scroll of amnesia
 h - a scroll of magic mapping
Potions
 c - a potion of resistance
 g - a potion of might
 j - a potion of cancellation {unknown}
 k - a potion of haste
 l - a potion of brilliance {unknown}
 m - a potion of berserk rage {unknown}
Comestibles
 b - 4 bread rations
 i - a meat ration


   Skills:
 - Level 2.4 Fighting
 - Level 2.4 Dodging
 - Level 1.1 Stealth
 * Level 7.8 Unarmed Combat
 + Level 3.1 Invocations


You had 6 spell levels left.
You didn't know any spells.

Dungeon Overview and Level Annotations

Branches:
Dungeon (7/15)             Temple (0/1) D:6

Altars:
Elyvilon
Okawaru
Trog
Zin

Shops:
D:5 [(!

Annotations:
D:6 Tux's ghost, novice DrTm
D:10 Nergalle


Innate Abilities, Weirdness & Mutations

You are too large for most types of armour.
You have claws for hands.
Your metabolism is lightning-fast.
You like to eat raw meat.
Your natural rate of healing is unusually fast.
You are covered in fur. (AC +1)
You have very tough skin. (AC +2)
You have a pair of small horns on your head.
You have a somewhat thin skeletal structure. (Dex +2, Stealth)
You are agile. (Dex +2)
Your magical capacity is low. (-10% MP)
You are robust. (+10% HP)
You occasionally shout uncontrollably at your foes.
You are weak. (Str -2)
Your spells are harder to cast, but more powerful.
You expend magic power (3 MP) to strengthen your wands.


Message History

The steam dragon claws you.
* * * LOW HITPOINT WARNING * * *
Unknown command.
Enter note: nice ac It was a potion of haste.
You feel yourself speed up. The steam dragon completely misses you.
The steam dragon barely misses you.
You are very lightly contaminated with residual magic.
Unknown command.
Okay, then.
You are healed.
You feel somewhat less full.
You closely miss the steam dragon. Your headbutt misses the steam dragon.
The steam dragon bites you.
* * * LOW HITPOINT WARNING * * *
The steam dragon claws you.
* * * LOW HITPOINT WARNING * * *
Unknown command.
You closely miss the steam dragon. Your headbutt misses the steam dragon.
The steam dragon breathes steam at you. The ball of steam hits you!
You die...

#####.###'### .
#...........# ..
#...........# ...
#...........# ....
#...........# .....
#####.#######$.....
#.#...........[
#.#####.#D#####......
#.....(.#@# .....
#######)#.# ....
#.#.# ... #...# ..
########.### #
#........# ########.#
#.# #.#


You could see a steam dragon.

Vanquished Creatures
  An ice beast (D:5)
  2 sky beasts
  A centaur (D:10)
  A howler monkey (D:6)
  A jelly (D:6)
  A bullfrog zombie (D:7)
  A hound (D:7)
  4 orc wizards
  An adder (D:7)
  A shadow imp (D:7)
  An adder zombie (D:5)
  2 oozes
  An adder skeleton (D:5)
  A worm (D:2)
  3 leopard geckos
  15 orcs
  A ball python (D:5)
  2 giant cockroaches
  2 goblins (D:3)
  A hobgoblin (D:3)
  3 quokkas
  A frilled lizard (D:2)
  A jackal skeleton (D:5)
  A kobold (D:3)
  A quokka skeleton (D:5)
50 creatures vanquished.

Notes
Turn   | Place    | Note
-------+----------+-------------------------------------------
     0 | D:1      | 4thArraOfDagon the Troll Monk began the quest for the Orb.
     0 | D:1      | Reached XP level 1. HP: 22/22 MP: 0/0
   139 | D:3      | Gained mutation: Your spells are a little harder to cast, but a little more powerful. [potion of mutation]
   139 | D:3      | Gained mutation: You are robust. (+10% HP) [potion of mutation]
   139 | D:3      | Gained mutation: You are agile. (Dex +2) [potion of mutation]
   171 | D:3      | Noticed an orc wizard
   173 | D:3      | Reached XP level 2. HP: 31/31 MP: 1/1
   179 | D:3      | Reached skill level 4 in Unarmed Combat
   179 | D:3      | Reached XP level 3. HP: 32/39 MP: 2/2
   307 | D:5      | Entered Level 5 of the Dungeon
   307 | D:5      | Found Haulog's Distillery.
   307 | D:5      | Noticed an ice beast
   313 | D:5      | Found a white marble altar of Elyvilon.
   319 | D:5      | Became a worshipper of Elyvilon the Healer
   319 | D:5      | Reached * piety under Elyvilon
   319 | D:5      | Reached ** piety under Elyvilon
   333 | D:5      | Killed an ice beast
   333 | D:5      | Reached skill level 5 in Unarmed Combat
   333 | D:5      | Reached XP level 4. HP: 13/48 MP: 3/3
   333 | D:5      | Reached XP level 5. HP: 15/55 MP: 4/4
   346 | D:5      | Reached skill level 6 in Unarmed Combat
   370 | D:5      | Reached skill level 1 in Invocations
   371 | D:5      | Noticed a sky beast
   372 | D:5      | Found Xedutofa's Weapon Emporium.
   422 | D:5      | Killed a sky beast
   422 | D:5      | Reached XP level 6. HP: 23/64 MP: 3/6
   428 | D:5      | Gained mutation: You occasionally shout uncontrollably at your foes. [mutagenic meat]
   437 | D:5      | Gained mutation: Your magical capacity is low. (-10% MP) [mutagenic meat]
   514 | D:5      | Found a glowing silver altar of Zin.
   515 | D:5      | Noticed an angel
   627 | D:5      | Found Qaogoekh's Armour Shop.
   736 | D:6      | Found a staircase to the Ecumenical Temple.
   739 | D:6      | Noticed a sky beast
   774 | D:6      | Killed a sky beast
   774 | D:6      | Reached skill level 7 in Unarmed Combat
   780 | D:6      | Gained mutation: You have a somewhat thin skeletal structure. (Dex +2, Stealth) [mutagenic meat]
   783 | D:6      | Gained mutation: Your spells are harder to cast, but more powerful. [mutagenic meat]
   786 | D:6      | Gained mutation: You have a pair of small horns on your head. [mutagenic meat]
   789 | D:6      | Gained mutation: You expend magic power (3 MP) to strengthen your wands. [mutagenic meat]
   792 | D:6      | Gained mutation: You are weak. (Str -2) [mutagenic meat]
   945 | D:6      | Noticed Tux's ghost (novice DrTm)
  1130 | D:7      | Noticed a slime creature
  1130 | D:7      | Noticed a slime creature
  1130 | D:7      | Noticed a slime creature
  1130 | D:7      | Noticed a slime creature
  1130 | D:7      | Noticed a slime creature
  1171 | D:7      | Reached XP level 7. HP: 70/72 MP: 7/7
  1273 | D:7      | Reached *** piety under Elyvilon
  1293 | D:7      | Found a bloodstained altar of Trog.
  1293 | D:7      | Found an iron altar of Okawaru.
  1398 | D:7      | You fall through a shaft for 3 floors!
  1398 | D:10     | Entered Level 10 of the Dungeon
  1399 | D:10     | WOW
  1456 | D:10     | Noticed Nergalle
  1504 | D:10     | Noticed a steam dragon
  1520 | D:10     | nice ac
  1523 | D:10     | Killed from afar by a steam dragon

Vault maps used:
D:1:      evilmike_arrival_plus, minmay_misc_feat_pillars,
          minmay_misc_feat_four_crosses, minivault_4
D:2:      lemuel_round_altar, lemuel_crystal_altar, serial_forest,
          infiniplex_forest_clump_long, infiniplex_forest_end_2,
          infiniplex_forest_end_3, infiniplex_forest_corner_2,
          minmay_snake_closets
D:3:      gup_sewer_entry_bowl, nicolae_gozag_cash_rules_everything_around_me
D:5:      zin_angel, old_standard_altar, first_bread, serial_shops,
          nicolae_shop_statue_plus, shop, shop, shop, uniq_eustachio
D:7:      grunt_temple_overflow_bloody_war, nicolae_ru_path_of_blood,
          kennysheep_little_box
D:10:     lemuel_insect_pit, uniq_snorg, uniq_nergalle, uniq_erolcha,
          uniq_josephine

Skill      XL: |  1  2  3  4  5  6  7 |
---------------+----------------------+-----
Unarmed Combat | 4 5 6 7 |  7.8
Invocations    | 1 2 3 |  3.1
Fighting       | |  2.4
Dodging        | |  2.4
Stealth        | |  1.1

Action                   |  1- 3 |  4- 6 |  7- 9 || total
-------------------------+-------+-------+-------++-------
Melee: Unarmed           |    39 |    94 |    38 ||   171
       Punch             |     1 |     2 |       ||     3
       Headbutt          |       |     2 |     1 ||     3
Invok: Lesser Healing    |       |     2 |     1 ||     3
       Heal Other        |       |       |     3 ||     3
  Use: Scroll            |     2 |     3 |     2 ||     7
       Potion            |     1 |     1 |     2 ||     4
 Stab: Sleeping          |       |       |     1 ||     1
  Eat: Chunk             |     7 |    14 |     6 ||    27
Armor: Robe              |    12 |    33 |     3 ||    48
Dodge: Dodged            |    15 |    27 |    16 ||    58
